 Dungeon Crawl Stone Soup version 0.23.1 (webtiles) character file.

Game seed: 0

2235 Fang the Skirmisher (level 9, 0/85 HPs)
             Began as a Gargoyle Berserker on Mar 5, 2019.
             Was an Elder of Trog.
             Slain by a two-headed ogre
             ... wielding a +0 giant club
              (2 damage)
             ... on level 8 of the Dungeon.
             The game lasted 00:07:55 (5483 turns).

Fang the Skirmisher (Gargoyle Berserker)            Turns: 5483, Time: 00:07:55

Health: 0/85       AC: 19    Str: 33    XL:     9   Next: 36%
Magic:  9/9        EV: 10    Int:  7    God:    Trog [****..]
Gold:   248        SH:  0    Dex:  9    Spells: 8/8 levels left

rFire    . . .     SeeInvis .   C - +1 war axe (chop)
rCold    . . .     Gourm    .   (no shield)
rNeg     + . .     Faith    .   o - +0 plate armour
rPois    ∞         Spirit   .   (no helmet)
rElec    +         Reflect  .   (no cloak)
rCorr    .         Harm     .   (no gloves)
MR       .....                  (no boots)
Stlth    ..........             (no amulet)
HPRegen  0.24/turn              i - +3 ring of strength
MPRegen  0.11/turn              B - ring of attention (curse)

@: berserking, very quick
A: negative energy resistance 1, electricity resistance, unbreathing,
petrification resistance, rot immunity, AC +6
a: Berserk, Trog's Hand, Brothers in Arms, Renounce Religion


You were on level 8 of the Dungeon.
You worshipped Trog.
Trog was greatly pleased with you.
You were hungry.

You visited 2 branches of the dungeon, and saw 9 of its levels.

You collected 248 gold pieces.

Inventory:

Hand Weapons
 a - a +0 hand axe
 C - a +1 war axe of chopping (weapon)
Armour
 o - a +0 plate armour (worn)
Jewellery
 i - a +3 ring of strength (left hand)
 k - a +5 ring of evasion
 y - an uncursed ring of protection from magic
 A - an uncursed ring of protection from cold
 B - a cursed ring of attention (right hand)
Wands
 m - a wand of random effects (21)
 s - a wand of acid (11)
Scrolls
 d - 2 scrolls of blinking {unknown}
 e - 3 scrolls of identify {unknown}
 h - a scroll of fog {unknown}
 j - 2 scrolls of enchant weapon {unknown}
 l - 2 scrolls of amnesia {unknown}
 n - 7 scrolls of remove curse {unknown}
 p - 2 scrolls of teleportation {unknown}
 q - 2 scrolls of fear {unknown}
 r - a scroll of silence {unknown}
 x - a scroll of immolation {unknown}
 z - a scroll of noise {unknown}
 E - a scroll of acquirement {unknown}
 G - a scroll of enchant armour {unknown}
Potions
 b - 3 potions of heal wounds {unknown}
 f - a potion of flight {unknown}
 g - 4 potions of degeneration {unknown}
 t - a potion of agility {unknown}
 u - a potion of haste {unknown}
 v - 3 potions of curing {unknown}
 w - 2 potions of lignification {unknown}
 F - a potion of invisibility {unknown}
 H - a potion of magic {unknown}
Comestibles
 c - 13 rations
 D - 2 chunks of flesh


   Skills:
 + Level 7.4 Fighting
 + Level 6.1 Axes
 + Level 6.9 Armour
 + Level 5.3 Dodging


You had 8 spell levels left.
You didn't know any spells.
Your spell library was empty.

Dungeon Overview and Level Annotations

Branches:
Dungeon (8/15)             Temple (1/1) D:6
   Lair: D:8-11

Altars:
Gozag
Hepliaklqana
Kikubaaqudgha
Qazlal
Ru
Sif Muna

Shops:
D:7 *


Innate Abilities, Weirdness & Mutations

You are resistant to torment.
Your stone body is resilient. (AC +6)
You are immune to poison.
You resist negative energy. (rN+)
You are resistant to electric shocks. (rElec)
You can survive without breathing.
You are immune to petrification.
You are immune to rotting.


Message History

You are too injured to fight recklessly!
You are too injured to fight recklessly!
You are too injured to fight recklessly!
You are too injured to fight recklessly!
You are too injured to fight recklessly!
You are too injured to fight recklessly!
A red film seems to cover your vision as you go berserk!
You feel yourself moving faster!
You feel mighty!
You are feeling hungry.
The orc warrior hits you but does no damage.
The two-headed ogre hits you with a +0 giant club!!
* * * LOW HITPOINT WARNING * * *
The two-headed ogre hits you with a +0 giant club!
* * * LOW HITPOINT WARNING * * *
You slash the two-headed ogre!
The two-headed ogre is heavily wounded.
Your plate armour prevents you from hitting the orc warrior.
The orc warrior hits you but does no damage.
The two-headed ogre hits you with a +0 giant club.
You die...

#.. .....#
...#..# ....#..
.. ....... ...+
#...#.######...#
+#....oO........#
.......@........#
................#
................+
................#
..##+####.......#
.
.....##'######..
........<.......
................
................


You could see a two-headed ogre and an orc warrior.

Vanquished Creatures
  Pikel (D:5)
  An orc warrior (D:7)
  A sky beast (D:7)
  A necrophage (D:5)
  3 phantoms
  2 ogres (D:5)
  A centaur (D:7)
  2 bullfrogs (D:7)
  3 scorpions
  A howler monkey (D:4)
  A centaur zombie (D:7)
  A gnoll shaman (D:6)
  A jelly (D:8)
  3 orc wizards
  2 orc priests
  A hound (D:5)
  A bullfrog skeleton (D:6)
  3 iguanas
  A worker ant (D:8)
  10 gnolls
  10 adders
  A shadow imp (D:6)
  An ooze (D:5)
  An adder zombie (D:6)
  4 worms
  3 dart slugs
  3 leopard geckos
  12 orcs
  A giant cockroach (D:5)
  7 hobgoblins
  3 jackals (D:7)
  7 kobolds
  A quokka (D:3)
  A ball python (D:5)
  8 bats
  4 frilled lizards
  A giant cockroach zombie (D:6)
  7 goblins
  A jackal zombie (D:7)
  A leopard gecko skeleton (D:4)
  6 rats
123 creatures vanquished.

Vanquished Creatures (others)
  A jelly (D:5)
1 creature vanquished.

Grand Total: 124 creatures vanquished

Notes
Turn   | Place    | Note
-------+----------+-------------------------------------------
     0 | D:1      | Fang the Gargoyle Berserker began the quest for the Orb.
     0 | D:1      | Reached XP level 1. HP: 14/14 MP: 1/1
    95 | D:1      | Reached XP level 2. HP: 16/19 MP: 2/2
   277 | D:1      | Reached XP level 3. HP: 18/23 MP: 3/3
   598 | D:2      | Reached ** piety under Trog
   608 | D:2      | Reached XP level 4. HP: 18/29 MP: 4/4
   828 | D:2      | Reached skill level 4 in Fighting
   979 | D:2      | Reached XP level 5. HP: 14/33 MP: 5/5
  1896 | D:2      | Found a deep blue altar of Sif Muna.
  2365 | D:3      | Reached XP level 6. HP: 35/39 MP: 6/6
  2449 | D:3      | Found a stormy altar of Qazlal.
  2857 | D:4      | Found an ancient bone altar of Kikubaaqudgha.
  3219 | D:5      | Entered Level 5 of the Dungeon
  3220 | D:5      | Noticed a phantom
  3255 | D:5      | Killed a phantom
  3255 | D:5      | Reached skill level 5 in Fighting
  3289 | D:5      | Reached XP level 7. HP: 44/44 MP: 7/7
  3340 | D:5      | Noticed Pikel
  3381 | D:5      | Killed Pikel
  3381 | D:5      | Reached skill level 6 in Fighting
  3381 | D:5      | Reached skill level 5 in Armour
  3381 | D:5      | Reached XP level 8. HP: 51/51 MP: 8/8
  3629 | D:5      | Reached skill level 5 in Axes
  3679 | D:5      | Reached *** piety under Trog
  4298 | D:6      | Found an opulent altar of Gozag.
  4434 | D:6      | Found a staircase to the Ecumenical Temple.
  4933 | Temple   | Entered the Ecumenical Temple
  4958 | D:7      | Reached XP level 9. HP: 52/56 MP: 9/9
  4982 | D:7      | Reached skill level 7 in Fighting
  4998 | D:7      | Reached skill level 5 in Dodging
  5204 | D:7      | Found a sacrificial altar of Ru.
  5295 | D:7      | Found a hazy altar of Hepliaklqana.
  5382 | D:7      | Found Suukk's General Store.
  5470 | D:8      | Reached **** piety under Trog
  5475 | D:8      | Noticed a two-headed ogre
  5482 | D:8      | HP: 2/85 [two-headed ogre/+0 giant club (10)]
  5483 | D:8      | Slain by a two-headed ogre

Skill      XL: |  1  2  3  4  5  6  7  8  9 |
---------------+----------------------------+-----
Axes           | 3 4 5 6 |  6.1
Dodging        | 2 3 4 5 |  5.3
Armour         | 3 4 5 6 |  6.9
Fighting       | 4 5 6 7 |  7.4

Action                   |  1- 3 |  4- 6 |  7- 9 || total
-------------------------+-------+-------+-------++-------
Melee: Hand axe          |    85 |   245 |   217 ||   547
       War axe           |       |       |    85 ||    85
Invok: Berserk           |     1 |     3 |     2 ||     6
 Stab: Distracted        |     1 |       |       ||     1
  Eat: Chunk             |       |    10 |     7 ||    17
       Ration            |       |       |     1 ||     1
Armor: Animal skin       |    30 |    40 |       ||    70
       Plate armour      |       |    50 |   190 ||   240
Dodge: Dodged            |    63 |   169 |   177 ||   409
